[Event "Wednesday Apr 11 Engine Tour 9 Rd Swiss 12m+1s Starts at 1600hrs ST"]
[Site "Infinity Chess"]
[Date "2018.4.11"]
[Round "6"]
[White "ocirema"]
[Black "localhero"]
[Result "1/2-1/2"]
[ECO "C55"]
[WhiteElo "2446"]
[BlackElo "2430"]
[WhiteEngine "asmFishW_2018-04-08_popcnt"]
[BlackEngine "asmFishW_2017-10-04_popcnt"]
[EventType "Swiss"]
[WhiteTeam ""]
[BlackTeam ""]
[PlyCount "164"]
[TimeControl "720+1"]

1. e4 e5 2. Nf3 Nc6 3. Bc4 Nf6 4. d3 Bc5 5. c3 d6 6. O-O a5 7. Re1 O-O 8. h3 h6 
9. Nbd2 Be6 10. a4 Bb6 11. Bxe6 fxe6 12. Nc4 Bc5 13. Be3 Bxe3 14. Rxe3 Qd7 
15. Qb3 Nh5 16. Qb5 Rf7 17. d4 exd4 18. cxd4 Nf4 19. Rc1 Nb4 20. Qxd7 Rxd7 
21. Rd1 g5 22. Rd2 Ng6 23. g3 b6 24. Kg2 Kg7 25. Rc3 Na2 26. Ra3 Nb4 27. Rc3 Na2 
28. Rcc2 Nb4 29. Rc1 Na2 30. Ra1 Nb4 31. Rc1 Rf7 32. Ne1 Raf8 33. Rc3 Na2 
34. Rb3 Nb4 35. Rc3 Rd8 36. Nd3 Nxd3 37. Rcxd3 Nf8 38. Rc3 Nd7 39. Ne3 Nb8 
40. f4 gxf4 41. gxf4 Na6 42. f5 Re8 43. Rf2 e5 44. dxe5 Rxe5 45. Kf3 Nc5 
46. Rc4 Kf8 47. Rd2 Rfe7 48. Rdd4 Rg7 49. Ng4 Re8 50. h4 Rc8 51. f6 Rg6 
52. h5 Rg5 53. Rd5 Re8 54. Rxg5 hxg5 55. Rd4 Kf7 56. e5 Ke6 57. exd6 cxd6 
58. h6 Rf8 59. Rd1 d5 60. Rh1 Rh8 61. Re1+ Ne4 62. Rc1 Nc5 63. b4 axb4 64. a5 b3 
65. axb6 Ne4 66. Kg2 Rb8 67. Rf1 b2 68. h7 Nd6 69. Nh6 Nc4 70. Rh1 b1=Q 
71. Rxb1 Kxf6 72. b7 Kg7 73. Ng4 Nd6 74. Rb6 Nf7 75. Rb5 Nd8 76. Rc5 Rxb7 
77. h8=R Kxh8 78. Rc8 d4 79. Rxd8+ Kg7 80. Rxd4 Rb2+ 81. Kf3 Rb3+ 82. Ke2 Kg6 
1/2-1/2

[Event "Wednesday Apr 11 Engine Tour 9 Rd Swiss 12m+1s Starts at 1600hrs ST"]
[Site "Infinity Chess"]
[Date "2018.4.11"]
[Round "6"]
[White "star99"]
[Black "Time_bandit"]
[Result "1/2-1/2"]
[ECO "D20"]
[WhiteElo "2414"]
[BlackElo "2436"]
[WhiteEngine "Cryptic Heroes 9.3B"]
[BlackEngine "asmFishW_2018-02-02_popcnt"]
[EventType "Swiss"]
[WhiteTeam ""]
[BlackTeam ""]
[PlyCount "110"]
[TimeControl "720+1"]

1. d4 d5 2. c4 dxc4 3. e3 Nf6 4. Nf3 a6 5. Bxc4 e6 6. O-O c5 7. b3 b5 
8. Be2 Nbd7 9. Bb2 Bb7 10. Nbd2 Be7 11. a4 b4 12. dxc5 Nxc5 13. Rc1 Rc8 
14. Rc4 Ncd7 15. Qa1 O-O 16. Bd4 Bd5 17. Rcc1 Rxc1 18. Rxc1 Qa8 19. Rc7 Qb8 
20. Rc2 Rc8 21. Qc1 Rxc2 22. Qxc2 Bb7 23. Nc4 Qc7 24. Nfe5 Nxe5 25. Bxe5 Qd8 
26. f3 Nd7 27. Bg3 Nc5 28. e4 a5 29. Bf2 h5 30. Kf1 Qc7 31. Bg3 Qd8 32. h3 g6 
33. Be5 Kh7 34. Ne3 f6 35. Bxf6 Bxf6 36. Qxc5 Qd2 37. g4 Ba6 38. Bxa6 Bd4 
39. Qe7+ Kh8 40. gxh5 Qc1+ 41. Kg2 Qxe3 42. Qf8+ Kh7 43. hxg6+ Kxg6 44. Qg8+ Kf6 
45. Qh8+ Kf7 46. Qh5+ Kf8 47. h4 Qg1+ 48. Kh3 Qh1+ 49. Kg4 Qg2+ 50. Kf4 Qh2+ 
51. Kg4 Qg2+ 52. Kf4 Qh2+ 53. Kg4 Qg1+ 54. Kh3 Qh1+ 55. Kg4 Qg2+ 1/2-1/2

[Event "Wednesday Apr 11 Engine Tour 9 Rd Swiss 12m+1s Starts at 1600hrs ST"]
[Site "Infinity Chess"]
[Date "2018.4.11"]
[Round "6"]
[White "Deep_Impact"]
[Black "Thinker"]
[Result "1/2-1/2"]
[ECO "E10"]
[WhiteElo "2429"]
[BlackElo "2434"]
[WhiteEngine "asmFishW_2018-04-07_bmi2"]
[BlackEngine "BrainFish_180408_x64_modern_CTG"]
[EventType "Swiss"]
[WhiteTeam ""]
[BlackTeam ""]
[PlyCount "51"]
[TimeControl "720+1"]

1. d4 Nf6 2. c4 e6 3. Nf3 d5 4. Nc3 Be7 5. Bf4 O-O 6. e3 Nbd7 7. c5 c6 8. Bd3 b6 
9. b4 a5 10. a3 Nh5 11. Be5 f6 12. Bg3 axb4 13. axb4 Rxa1 14. Qxa1 e5 
15. Qa7 bxc5 16. bxc5 Re8 17. Qa4 Qc7 18. O-O Kh8 19. Ba6 Bxa6 20. Qxa6 Rb8 
21. Ra1 g6 22. Qa7 Rb7 23. Qa8+ Rb8 24. Qa7 Rb7 25. Qa8+ Rb8 26. Qa7 1/2-1/2

[Event "Wednesday Apr 11 Engine Tour 9 Rd Swiss 12m+1s Starts at 1600hrs ST"]
[Site "Infinity Chess"]
[Date "2018.4.11"]
[Round "6"]
[White "hafaba"]
[Black "Marsell"]
[Result "1/2-1/2"]
[ECO "C55"]
[WhiteElo "2454"]
[BlackElo "2463"]
[WhiteEngine "Eman 1.70-beta18x 64-bit POPCNT_CTG"]
[BlackEngine "BrainFish_180408_x64_bmi2"]
[EventType "Swiss"]
[WhiteTeam ""]
[BlackTeam ""]
[PlyCount "167"]
[TimeControl "720+1"]

1. e4 e5 2. Nf3 Nc6 3. Bc4 Nf6 4. d3 Bc5 5. c3 d6 6. O-O O-O 7. h3 a6 8. Re1 Ba7 
9. a4 h6 10. Nbd2 Nh5 11. Nf1 Qf6 12. N1h2 Qg6 13. g4 Be6 14. Bb3 Nf6 
15. Nh4 Qh7 16. N2f3 g6 17. Be3 Bxe3 18. fxe3 g5 19. Nf5 Bxf5 20. gxf5 Kh8 
21. Nd2 Rg8 22. Kf2 g4 23. hxg4 Nxg4+ 24. Ke2 h5 25. Rh1 Qh6 26. Nf1 Rg7 
27. Kd2 Rag8 28. Qf3 h4 29. Kc1 Nf6 30. Qf2 Rg2 31. Qxh4 Qxh4 32. Rxh4+ Kg7 
33. Rh2 Rg1 34. Kc2 Ng4 35. Re2 Rh8 36. Rb1 Ne7 37. Nd2 Rg3 38. f6+ Nxf6 
39. Rf1 Rh6 40. Bc4 Nc6 41. Rf3 Rhg6 42. Rf5 a5 43. Nf1 Rg1 44. Nd2 R1g3 
45. Nf1 Rg1 46. d4 b6 47. Ref2 Nd8 48. Kd3 Ng4 49. Re2 Rh6 50. Rf3 Kf8 
51. Nd2 Ke7 52. b4 Rh2 53. bxa5 Rxe2 54. Kxe2 bxa5 55. Rh3 Ne6 56. Bxe6 Kxe6 
57. Nb3 Rg2+ 58. Kf3 Rb2 59. Kxg4 Rxb3 60. Rh6+ Kd7 61. dxe5 Rxc3 62. exd6 cxd6 
63. Rh5 Rxe3 64. Kf4 Ra3 65. Rxa5 Ke7 66. Ra7+ Ke6 67. a5 Ra4 68. a6 d5 
69. Ra8 Rxe4+ 70. Kg3 Ra4 71. a7 Ra3+ 72. Kf2 Ke7 73. Ke2 Ra4 74. Kf3 Ra3+ 
75. Ke2 Ra4 76. Kd2 Ra2+ 77. Kd3 Ra4 78. Kc3 d4+ 79. Kb3 Ra1 80. Kc2 d3+ 
81. Kxd3 Kf6 82. Kc4 Kg7 83. Kd3 Ra3+ 84. Kc2 1/2-1/2

[Event "Wednesday Apr 11 Engine Tour 9 Rd Swiss 12m+1s Starts at 1600hrs ST"]
[Site "Infinity Chess"]
[Date "2018.4.11"]
[Round "6"]
[White "Seliga"]
[Black "Murx"]
[Result "1/2-1/2 "]
[ECO "B10"]
[WhiteElo "2475"]
[BlackElo "2459"]
[WhiteEngine "SF9 ''A5''_CTG"]
[BlackEngine "asmFishW_2018-04-07_popcnt"]
[EventType "Swiss"]
[WhiteTeam ""]
[BlackTeam ""]
[PlyCount "320"]
[TimeControl "720+1"]

1. e4 c6 2. Nf3 d5 3. Nc3 Nf6 4. e5 Ne4 5. Ne2 Qb6 6. d4 e6 7. Ng3 c5 8. c3 Nc6 
9. Bd3 Nxg3 10. hxg3 cxd4 11. cxd4 h6 12. Kf1 Bd7 13. g4 Nb4 14. Be2 Rc8 
15. Ne1 Nc6 16. Nc2 Qc7 17. Ne1 Qb6 18. Nf3 Nb4 19. Bd2 Bb5 20. Bc3 Be7 
21. a3 Bxe2+ 22. Qxe2 Nc6 23. Qd2 Kd7 24. g3 Qb5+ 25. Kg2 a6 26. Rhb1 h5 
27. g5 g6 28. Rc1 a5 29. Rc2 Rhf8 30. Rcc1 Rh8 31. Qf4 b6 32. Rh1 Rhf8 
33. Qd2 Qa4 34. Qd3 Qc4 35. Qe3 Rc7 36. Rac1 Qb3 37. Rhd1 Qa4 38. Rd3 Kc8 
39. Bd2 Kb7 40. Ng1 Qb5 41. Rb3 Qa4 42. Rd3 Qb5 43. Rb3 Qa6 44. Ne2 a4 
45. Rbc3 Rfc8 46. Qf3 Nd8 47. Qe3 Rxc3 48. Bxc3 Rc7 49. Ng1 Qb5 50. Nf3 Nc6 
51. Qd2 Bd8 52. Nh2 Na7 53. Nf3 Nc6 54. Nh2 Na7 55. Nf3 Kc8 56. Qe3 Be7 
57. Qd2 Kb8 58. Qe3 Kc8 59. Qd2 Kb7 60. Qf4 Nc6 61. Qe3 Rc8 62. Qd2 Qc4 
63. Ba5 Qb3 64. Bc3 Qb5 65. Qd1 Rf8 66. Qd2 Rb8 67. Qd1 Rc8 68. Qd2 Qc4 
69. Ba5 Qb3 70. Bc3 Rc7 71. Qf4 Bd8 72. Qd2 Ne7 73. Nh2 Nf5 74. Nf3 Qc4 
75. Ra1 Be7 76. Nh4 Ng7 77. Nf3 Qb3 78. Nh4 Qc4 79. Kg1 Kc8 80. Kg2 Kd7 
81. Qf4 Ke8 82. Qd2 Rc8 83. Nf3 Kd7 84. Nh2 Nf5 85. g4 hxg4 86. Nxg4 Rh8 
87. Ne3 Nxe3+ 88. Qxe3 Rh4 89. f4 Qb3 90. Qd2 b5 91. Re1 Rh8 92. Re3 Rc8 
93. Kf3 Rc4 94. Ba5 Qc2 95. Qxc2 Rxc2 96. b4 Bd8 97. Bxd8 Kxd8 98. Rd3 Ke7 
99. Ke3 Rc4 100. Kf3 Kd8 101. Ke2 Ke7 102. Kd2 Kd7 103. Ke3 Rc2 104. Kf3 Ke7 
105. Ke3 Rc4 106. Kf3 Kd7 107. Ke3 Kc6 108. Rd1 Rc2 109. Rd2 Rc3+ 110. Rd3 Rc1 
111. Kd2 Rf1 112. Rc3+ Kb6 113. Ke3 Re1+ 114. Kf3 Re4 115. Rd3 Kb7 116. Rd1 Kc6 
117. Rd3 Kb6 118. Rd2 Re1 119. Rd3 Kc6 120. Rc3+ Kb6 121. Rd3 Rg1 122. Kf2 Rc1 
123. Ke3 Rc2 124. Kf3 Kc7 125. Kg3 Re2 126. Rc3+ Kb6 127. Kg4 Rg2+ 128. Kf3 Rb2 
129. Kg4 Rb3 130. Rg3 Kc7 131. Rf3 Kb7 132. Rg3 Rb2 133. Rh3 Rg2+ 134. Kf3 Ra2 
135. Kg4 Kb6 136. Rc3 Rg2+ 137. Kf3 Rh2 138. Kg4 Rf2 139. Rh3 Kc6 140. Rh7 Rg2+ 
141. Kf3 Ra2 142. Rxf7 Rxa3+ 143. Ke2 Rb3 144. Re7 Rxb4 145. Rxe6+ Kd7 
146. Rxg6 Rxd4 147. Rg7+ Ke6 148. Rg6+ Kf7 149. Rf6+ Kg8 150. f5 a3 
151. Rg6+ Kh7 152. Rh6+ Kg8 153. Rg6+ Kh7 154. Rh6+ Kg8 155. f6 a2 156. Rh1 Re4+ 
157. Kd3 Rxe5 158. Ra1 b4 159. Rxa2 Rxg5 160. Kd4 b3 1/2-1/2

[Event "Wednesday Apr 11 Engine Tour 9 Rd Swiss 12m+1s Starts at 1600hrs ST"]
[Site "Infinity Chess"]
[Date "2018.4.11"]
[Round "6"]
[White "Dovahkiin"]
[Black "MCDermont"]
[Result "1/2-1/2"]
[ECO "C55"]
[WhiteElo "2412"]
[BlackElo "2498"]
[WhiteEngine "Raubfisch ME262_GTZ16f_CTG"]
[BlackEngine "BrainFish 090218"]
[EventType "Swiss"]
[WhiteTeam ""]
[BlackTeam ""]
[PlyCount "128"]
[TimeControl "720+1"]

1. e4 e5 2. Nf3 Nc6 3. Bc4 Nf6 4. d3 Bc5 5. O-O d6 6. c3 O-O 7. Bg5 h6 8. Bh4 g5 
9. Bg3 a6 10. Bb3 Ba7 11. Nbd2 Na5 12. Bc2 Nh5 13. b4 Nxg3 14. hxg3 Nc6 
15. Nc4 g4 16. Nh4 Qg5 17. Qe2 Be6 18. Bb3 Ne7 19. Ne3 h5 20. Rad1 Rae8 
21. Qd2 Bxe3 22. fxe3 Ng6 23. Nf5 Ne7 24. Nh4 Kh7 25. Qe2 Ng6 26. Nf5 Ne7 
27. Nxe7 Qxe7 28. Rf2 Qg5 29. Rdf1 Kg7 30. d4 Qg6 31. Bxe6 fxe6 32. dxe5 dxe5 
33. Rxf8 Rxf8 34. Rxf8 Kxf8 35. Qc4 Qg5 36. Qxe6 Qxe3+ 37. Kh2 Qxc3 38. Qf5+ Ke7 
39. Qxh5 Qxb4 40. Qxe5+ Kd7 41. Qf5+ Kc6 42. Qxg4 Qd6 43. Qg5 Qe6 44. Qf4 Qxa2 
45. Qf6+ Kd7 46. Qg7+ Kc6 47. Qc3+ Kd7 48. Qd4+ Kc6 49. g4 a5 50. Qf6+ Kd7 
51. Qd4+ Kc6 52. g5 Qe6 53. Kg1 b5 54. Qc3+ Kb7 55. Qf6 Qxe4 56. g6 Qb1+ 
57. Kf2 a4 58. g7 Qa2+ 59. Kg1 a3 60. Qg5 Qb1+ 61. Kh2 Qh7+ 62. Kg1 Qb1+ 
63. Kh2 Qh7+ 64. Kg1 Qb1+ 1/2-1/2

[Event "Wednesday Apr 11 Engine Tour 9 Rd Swiss 12m+1s Starts at 1600hrs ST"]
[Site "Infinity Chess"]
[Date "2018.4.11"]
[Round "6"]
[White "SkyPilot"]
[Black "RonWeasley"]
[Result "1/2-1/2"]
[ECO "C02"]
[WhiteElo "2507"]
[BlackElo "2488"]
[WhiteEngine "stockfish_x64_bmi2_2018_04_07_CTG"]
[BlackEngine "BrainFish 090218_CTG"]
[EventType "Swiss"]
[WhiteTeam ""]
[BlackTeam ""]
[PlyCount "190"]
[TimeControl "720+1"]

1. e4 e6 2. d4 d5 3. e5 c5 4. c3 Nc6 5. Nf3 Qb6 6. a3 f6 7. Bd3 fxe5 
8. dxe5 Nge7 9. c4 dxc4 10. Bxc4 Nf5 11. Nc3 Be7 12. O-O O-O 13. Re1 Qd8 
14. Ba2 b6 15. Bd2 Nh4 16. Nxh4 Bxh4 17. Ne4 Qd4 18. Re3 Nxe5 19. Be1 Ba6 
20. Ng3 Qxd1 21. Rxd1 Bf6 22. Bxe6+ Nf7 23. Nf5 Kh8 24. b4 g6 25. Ng3 Bd4 
26. Ne4 Rae8 27. Bxf7 Rxf7 28. Nd6 Bxe3 29. Nxf7+ Kg8 30. Nd6 Rf8 31. Ne4 Bb5 
32. bxc5 Bxc5 33. Nxc5 bxc5 34. Rd5 Rf5 35. Rxf5 gxf5 36. f3 a6 37. Bf2 c4 
38. Be1 Kf7 39. Kf2 Ba4 40. Ke3 Bc2 41. g3 Bd3 42. Kd4 Be2 43. Ke3 Bd3 
44. a4 Bc2 45. a5 Kg6 46. Bc3 Kg5 47. Be5 Kg6 48. Kd4 Bd1 49. h3 c3 
50. Kxc3 Bxf3 51. Bd6 Bg2 52. h4 Be4 53. Bf4 Kh5 54. Be5 Kg4 55. Kc4 h5 
56. Bf4 Bg2 57. Kc5 Be4 58. Bb8 Bf3 59. Be5 Be2 60. Bd6 Bf1 61. Bf4 Be2 
62. Be5 Bb5 63. Kb6 Bd3 64. Bf4 Kf3 65. Kc5 Be2 66. Bc7 Ke4 67. Bf4 Bd3 
68. Bc7 Be2 69. Bf4 Kf3 70. Kd6 Bd3 71. Ke6 Kg4 72. Kf6 Bb5 73. Kg6 Be8+ 
74. Kh7 Bd7 75. Bb8 Bc6 76. Bf4 Bh1 77. Kg6 Be4 78. Kf6 Bb1 79. Ke6 Ba2+ 
80. Ke5 Bb1 81. Kd4 Be4 82. Be5 Bc6 83. Bf4 Bf3 84. Kc5 Bd1 85. Kb6 Be2 
86. Be5 Kf3 87. Bc7 Bd3 88. Be5 Kg4 89. Bb8 Bf1 90. Bd6 Bd3 91. Kc6 Bb5+ 
92. Kc7 Be2 93. Kb6 Bd3 94. Bf4 Bb5 95. Be5 Bd3 1/2-1/2

[Event "Wednesday Apr 11 Engine Tour 9 Rd Swiss 12m+1s Starts at 1600hrs ST"]
[Site "Infinity Chess"]
[Date "2018.4.11"]
[Round "5"]
[White "Harry_Potter"]
[Black "ocirema"]
[Result "1/2-1/2"]
[ECO "C55"]
[WhiteElo "2471"]
[BlackElo "2445"]
[WhiteEngine "Stockfish_x64_bmi2_CTG"]
[BlackEngine "asmFishW_2018-04-08_popcnt"]
[EventType "Swiss"]
[WhiteTeam ""]
[BlackTeam ""]
[PlyCount "134"]
[TimeControl "720+1"]

1. e4 e5 2. Nf3 Nc6 3. Bc4 Nf6 4. d3 Bc5 5. O-O d6 6. c3 a5 7. Bg5 Ba7 
8. Nbd2 h6 9. Bh4 g5 10. Bg3 O-O 11. Re1 Nh7 12. h3 g4 13. hxg4 Bxg4 14. Kh1 Qf6 
15. Nf1 Ng5 16. N1h2 Bh5 17. Bh4 Kg7 18. Qd2 Qf4 19. Qxf4 exf4 20. d4 f6 
21. Ng1 Ne7 22. f3 Be8 23. Bf2 Bd7 24. Ne2 Ng6 25. Bd3 a4 26. Nf1 f5 
27. exf5 Bxf5 28. Bxf5 Rxf5 29. Nd2 b5 30. Rac1 Kf7 31. Kg1 Ne7 32. b3 axb3 
33. axb3 Rg8 34. c4 Nh3+ 35. Kf1 Nxf2 36. Kxf2 Rfg5 37. Rg1 Nf5 38. cxb5 Rc8 
39. Nc4 Nxd4 40. b6 Nxe2 41. Kxe2 Bxb6 42. Nxb6 Re8+ 43. Kf2 cxb6 44. Rc4 Rf5 
45. Rd1 Re6 46. Rc7+ Kg6 47. Rc6 Rb5 48. Rcxd6 Rxd6 49. Rxd6+ Kg5 50. g3 h5 
51. Rd4 fxg3+ 52. Kxg3 Rxb3 53. Rd5+ Kh6 54. Rd6+ Kg5 55. Rd5+ Kh6 56. Kh4 Rb4+ 
57. Kg3 h4+ 58. Kh3 b5 59. f4 Rb1 60. Rg5 b4 61. Rf5 Kg6 62. Re5 Kf6 63. Ra5 b3 
64. Rb5 b2 65. Kh2 h3 66. Rb7 Kf5 67. Rb5+ Kxf4 1/2-1/2

[Event "Wednesday Apr 11 Engine Tour 9 Rd Swiss 12m+1s Starts at 1600hrs ST"]
[Site "Infinity Chess"]
[Date "2018.4.11"]
[Round "5"]
[White "NINJA_JENGKA"]
[Black "Dovahkiin"]
[Result "0-1 "]
[ECO "D30"]
[WhiteElo "2404"]
[BlackElo "2396"]
[WhiteEngine "Houdini 6_CTG"]
[BlackEngine "Raubfisch ME262_GTZ16f_CTG"]
[EventType "Swiss"]
[WhiteTeam ""]
[BlackTeam ""]
[PlyCount "176"]
[TimeControl "720+1"]

1. d4 d5 2. c4 e6 3. Nf3 Nf6 4. Nc3 c6 5. Bg5 h6 6. Bxf6 Qxf6 7. e3 Nd7 
8. Bd3 dxc4 9. Bxc4 g6 10. e4 Bg7 11. O-O O-O 12. Qe2 b5 13. e5 Qe7 14. Bd3 Rb8 
15. Rad1 Rd8 16. Bc2 c5 17. d5 b4 18. d6 Qf8 19. Nb1 c4 20. Rfe1 Bb7 
21. Be4 Bxe4 22. Qxe4 Rdc8 23. Nbd2 c3 24. bxc3 bxc3 25. Nb3 Qd8 26. Qe2 Qb6 
27. Rc1 Qb4 28. Qa6 Qb5 29. Qxa7 Bxe5 30. Nxe5 Nxe5 31. Nd4 Qb2 32. Rf1 Qb6 
33. Qxb6 Rxb6 34. f4 Ng4 35. d7 Rd8 36. Rxc3 Rxd7 37. Nb3 Ra7 38. Ra1 Rba6 
39. Nc1 Nf6 40. Rb3 Nd5 41. g3 g5 42. fxg5 hxg5 43. a3 f6 44. Nd3 Ra5 
45. h4 gxh4 46. gxh4 Ra4 47. Re1 Kf7 48. Nb4 Nf4 49. Rf3 e5 50. Nc6 Rd7 
51. Nxe5+ fxe5 52. Rxe5 Kg6 53. Rg5+ Kh6 54. Rb3 Rd6 55. Kh2 Re4 56. Kg3 Ng6 
57. Rg4 Re1 58. a4 Rd2 59. Kh3 Rc2 60. Rbb4 Rh1+ 61. Kg3 Rg1+ 62. Kh3 Rh1+ 
63. Kg3 Ra1 64. Rb3 Rg1+ 65. Kh3 Rh1+ 66. Kg3 Re1 67. Kh3 Ra2 68. Rbb4 Re3+ 
69. Rg3 Ree2 70. Rg1 Re3+ 71. Rg3 Ree2 72. Rg1 Rh2+ 73. Kg3 Ne7 74. Rf4 Rhb2 
75. Kh3 Ng6 76. Rf6 Rh2+ 77. Kg3 Kg7 78. Ra6 Nxh4 79. Kf4+ Kf7 80. Ra7+ Ke6 
81. Ra6+ Kd5 82. Rd1+ Kc4 83. Rc6+ Kb4 84. Rb1+ Ka3 85. Rc3+ Kxa4 86. Rc7 Raf2+ 
87. Ke4 Re2+ 88. Kd5 Rd2+ 0-1

[Event "Wednesday Apr 11 Engine Tour 9 Rd Swiss 12m+1s Starts at 1600hrs ST"]
[Site "Infinity Chess"]
[Date "2018.4.11"]
[Round "5"]
[White "CrapCleaner"]
[Black "star99"]
[Result "1/2-1/2"]
[ECO "C42"]
[WhiteElo "2480"]
[BlackElo "2411"]
[WhiteEngine "Houdini 6.03 Standard_CTG"]
[BlackEngine "Cryptic Heroes 9.3B"]
[EventType "Swiss"]
[WhiteTeam ""]
[BlackTeam ""]
[PlyCount "67"]
[TimeControl "720+1"]

1. e4 e5 2. Nf3 Nf6 3. Nxe5 d6 4. Nf3 Nxe4 5. d4 d5 6. Bd3 Nc6 7. O-O Be7 
8. c4 Nb4 9. Be2 dxc4 10. Bxc4 O-O 11. Nc3 Nd6 12. Bb3 Bf6 13. Ne5 c6 14. a3 Nd5 
15. Bxd5 cxd5 16. Nxd5 Be6 17. Nxf6+ Qxf6 18. d5 Qxe5 19. dxe6 Qxe6 20. Re1 Qf6 
21. Qd5 Rae8 22. Bg5 Qf5 23. Qxd6 Qxg5 24. Qd7 Rb8 25. Qd4 a6 26. Rad1 Rbd8 
27. h4 Rxd4 28. hxg5 Rxd1 29. Rxd1 f6 30. Rd7 Rf7 31. Rd8+ Rf8 32. Rd7 Rf7 
33. Rd8+ Rf8 34. Rd7 1/2-1/2

[Event "Wednesday Apr 11 Engine Tour 9 Rd Swiss 12m+1s Starts at 1600hrs ST"]
[Site "Infinity Chess"]
[Date "2018.4.11"]
[Round "5"]
[White "Time_bandit"]
[Black "Thinker"]
[Result "1/2-1/2"]
[ECO "C77"]
[WhiteElo "2436"]
[BlackElo "2434"]
[WhiteEngine "asmFishW_2018-02-02_popcnt"]
[BlackEngine "BrainFish_180408_x64_modern_CTG"]
[EventType "Swiss"]
[WhiteTeam ""]
[BlackTeam ""]
[PlyCount "98"]
[TimeControl "720+1"]

1. e4 e5 2. Nf3 Nc6 3. Bb5 a6 4. Ba4 Nf6 5. O-O Be7 6. Re1 b5 7. Bb3 O-O 
8. c3 d5 9. exd5 Nxd5 10. Nxe5 Nxe5 11. Rxe5 c6 12. d4 Bd6 13. Re1 Qh4 
14. g3 Qh3 15. Be3 Be6 16. Qf3 a5 17. Qg2 Qf5 18. Bd1 b4 19. c4 Nxe3 
20. fxe3 Bxc4 21. Nd2 Bb5 22. Rc1 Rac8 23. Ne4 Rcd8 24. Nc5 Rfe8 25. Qf2 Qc8 
26. Bh5 Re7 27. Bf3 Qa8 28. Kg2 Qa7 29. Kg1 Bc7 30. Red1 Bb6 31. a3 bxa3 
32. bxa3 a4 33. e4 f6 34. Kg2 Ree8 35. Bh5 g6 36. Bf3 Qf7 37. Qb2 Ba5 
38. Be2 Bxe2 39. Qxe2 Bb6 40. Nxa4 Bxd4 41. Rxc6 f5 42. Qc4 fxe4 43. Rxd4 Rxd4 
44. Qxd4 e3 45. Rc1 Qf2+ 46. Kh3 Qf5+ 47. Kg2 Qf2+ 48. Kh3 Qf5+ 49. Kg2 Qf2+ 
1/2-1/2

[Event "Wednesday Apr 11 Engine Tour 9 Rd Swiss 12m+1s Starts at 1600hrs ST"]
[Site "Infinity Chess"]
[Date "2018.4.11"]
[Round "5"]
[White "Murx"]
[Black "hafaba"]
[Result "1/2-1/2"]
[ECO "A22"]
[WhiteElo "2459"]
[BlackElo "2454"]
[WhiteEngine "asmFishW_2018-04-07_popcnt"]
[BlackEngine "Eman 1.70-beta18x 64-bit POPCNT_CTG"]
[EventType "Swiss"]
[WhiteTeam ""]
[BlackTeam ""]
[PlyCount "229"]
[TimeControl "720+1"]

1. c4 e5 2. Nc3 Nf6 3. Nf3 Nc6 4. g3 d5 5. cxd5 Nxd5 6. Bg2 Nb6 7. O-O Be7 
8. d3 O-O 9. Be3 Be6 10. a3 f5 11. Rc1 a6 12. b4 Kh8 13. Qd2 Bf6 14. Ng5 Bg8 
15. Bxc6 bxc6 16. Nf3 a5 17. bxa5 Rxa5 18. Nb1 Rd5 19. Qc2 Rd7 20. a4 Re8 
21. Nc3 Nd5 22. Nxd5 cxd5 23. d4 e4 24. Nd2 g5 25. a5 Rg7 26. Kh1 Be6 
27. Rfe1 Bc8 28. Nb3 Rf7 29. Qc6 Re6 30. Qc3 Ra6 31. f4 h6 32. Ra1 Qe8 
33. Nc5 Ra8 34. Reb1 c6 35. Qc1 g4 36. Rb3 Rfa7 37. Bd2 Bd8 38. Qb2 Bc7 
39. e3 Kh7 40. Be1 Kg7 41. Ra2 Kg6 42. Kg1 Bd6 43. Qc1 Bc7 44. Qb1 Bd6 
45. Qc1 Kh7 46. Qb2 Kg7 47. Rb6 Bc7 48. Rb3 Bd6 49. Bc3 Kh7 50. Ra1 Bc7 
51. Be1 Kg6 52. Ra2 Bd6 53. Qc3 Kg7 54. Qa1 Kg6 55. Qc3 Kh7 56. Kg2 Kg6 
57. Ra4 Bc7 58. Qb2 Ba6 59. Nxa6 Rxa6 60. Ra2 Qc8 61. Qa1 Bd8 62. h3 h5 
63. Rb1 R6a7 64. Rc1 Qa6 65. Qc3 Rc8 66. Qa3 Be7 67. Bb4 Bf6 68. h4 Rb7 
69. Bc5 Ra8 70. Kf2 Kf7 71. Bd6 Kg6 72. Qc5 Rc8 73. Qc2 Kf7 74. Rb1 Rxb1 
75. Qxb1 Bd8 76. Qc1 Ra8 77. Bb4 Ra7 78. Qa1 Qc4 79. Bc5 Ra6 80. Qb2 Ke8 
81. Qd2 Ra8 82. Ra1 Kd7 83. Bb4 Ra6 84. Kg1 Kc8 85. Kg2 Bc7 86. Ra2 Ra7 
87. Rc2 Qb5 88. Qc3 Rb7 89. Bf8 Bxa5 90. Qxc6+ Qxc6 91. Rxc6+ Rc7 92. Rf6 Rc2+ 
93. Kf1 Rc1+ 94. Ke2 Be1 95. Rxf5 Bxg3 96. Rxh5 Re1+ 97. Kd2 Rh1 98. Rxd5 Be1+ 
99. Kc2 Bxh4 100. Rd6 Bf2 101. Kd2 Rh3 102. Rg6 Bxe3+ 103. Kd1 g3 104. f5 Bxd4 
105. Bd6 Rh1+ 106. Ke2 Rh2+ 107. Kd1 Rb2 108. f6 e3 109. Rxg3 e2+ 110. Ke1 Bxf6 
111. Re3 Kd7 112. Rxe2 Rb1+ 113. Kf2 Kxd6 114. Kf3 Kd5 115. Re8 1/2-1/2

[Event "Wednesday Apr 11 Engine Tour 9 Rd Swiss 12m+1s Starts at 1600hrs ST"]
[Site "Infinity Chess"]
[Date "2018.4.11"]
[Round "5"]
[White "Marsell"]
[Black "Seliga"]
[Result "1/2-1/2"]
[ECO "C53"]
[WhiteElo "2462"]
[BlackElo "2476"]
[WhiteEngine "BrainFish_180408_x64_bmi2"]
[BlackEngine "SF9 ''A5''_CTG"]
[EventType "Swiss"]
[WhiteTeam ""]
[BlackTeam ""]
[PlyCount "85"]
[TimeControl "720+1"]

1. e4 e5 2. Nf3 Nc6 3. Bc4 Bc5 4. c3 Nf6 5. d3 O-O 6. O-O a5 7. Bg5 h6 8. Bh4 d6 
9. a4 Kh8 10. Na3 Be6 11. Nd2 g5 12. Bxe6 fxe6 13. Bg3 Qd7 14. Nb3 Bxa3 
15. Rxa3 Qf7 16. Nd2 Qe8 17. Ra1 Nh5 18. Qb3 b6 19. Rfe1 Nf4 20. Qc4 Qd7 
21. Qb5 Rg8 22. Nf3 Raf8 23. Bxf4 Rxf4 24. Nd2 g4 25. Rf1 Rf7 26. f3 g3 
27. hxg3 Rxg3 28. Kf2 Qe7 29. Kxg3 Rg7+ 30. Kf2 Rxg2+ 31. Ke1 Qg5 32. Nc4 Rc2 
33. Qxc6 Qg2 34. Qe8+ Kg7 35. Qd7+ Kh8 36. Qc8+ Kg7 37. Qd7+ Kf6 38. Qd8+ Kg7 
39. Qe7+ Kh8 40. Qf8+ Kh7 41. Qe7+ Kh8 42. Qe8+ Kg7 43. Qd7+ 1/2-1/2

[Event "Wednesday Apr 11 Engine Tour 9 Rd Swiss 12m+1s Starts at 1600hrs ST"]
[Site "Infinity Chess"]
[Date "2018.4.11"]
[Round "5"]
[White "RonWeasley"]
[Black "MarioDeMonti"]
[Result "1-0"]
[ECO "E73"]
[WhiteElo "2471"]
[BlackElo "2500"]
[WhiteEngine "BrainFish 090218_CTG"]
[BlackEngine "stockfish_x64_bmi2_2018_02_18_CTG"]
[EventType "Swiss"]
[WhiteTeam ""]
[BlackTeam ""]
[PlyCount "177"]
[TimeControl "720+1"]

1. d4 Nf6 2. c4 g6 3. Nc3 Bg7 4. e4 d6 5. Be2 O-O 6. Nf3 e5 7. O-O Nc6 8. d5 Ne7 
9. Ne1 Nd7 10. f3 f5 11. Be3 f4 12. Bf2 g5 13. b4 Nf6 14. c5 Ng6 15. a4 a6 
16. c6 h5 17. b5 axb5 18. cxb7 Bxb7 19. Bxb5 Ra5 20. Nc2 g4 21. Nb4 Bh6 
22. Be1 Bg5 23. Nc6 Bxc6 24. dxc6 g3 25. Nd5 Ra7 26. a5 Kg7 27. Rb1 Nxd5 
28. Qxd5 gxh2+ 29. Kh1 Bh4 30. Bc3 Kh6 31. a6 Qf6 32. Qd2 Rfa8 33. Ba5 Qg7 
34. Bd3 Rxa6 35. Bxa6 Rxa6 36. Rfc1 Bd8 37. Rb8 Qe7 38. Qa2 Rxa5 39. Qxa5 Nf8 
40. Qa6 Ne6 41. Qc8 Kg7 42. Kxh2 Kf7 43. Ra8 Qe8 44. Kg1 Qe7 45. Rb1 h4 
46. Qa6 Qg5 47. Qf1 h3 48. Kh1 h2 49. Qa6 Qe7 50. Rc1 Kg6 51. Qc8 Kf6 
52. Kxh2 Kg7 53. Kg1 Kf7 54. Rb1 Qe8 55. Qa6 Qh8 56. Rbb8 Qh4 57. Qf1 Qf6 
58. Qf2 Be7 59. Rh8 Bf8 60. Raxf8+ Nxf8 61. Qa7 Qxh8 62. Qxc7+ Ke8 63. Qb8+ Kf7 
64. Qd8 Qf6 65. c7 Qe6 66. c8=Q Qxc8 67. Qxc8 Ke7 68. Qc7+ Nd7 69. Kf1 Ke6 
70. Qd8 Nf6 71. Kg1 d5 72. Qb6+ Kf7 73. Qc7+ Kg6 74. Qxe5 dxe4 75. fxe4 Kf7 
76. Qxf4 Ke7 77. e5 Ne8 78. Qd4 Ke6 79. Qd8 Kxe5 80. Qxe8+ Kd5 81. Qd7+ Kc5 
82. Kf2 Kb4 83. Ke3 Kc4 84. Qc6+ Kb3 85. Ke2 Kb2 86. Kd3 Ka3 87. Kc3 Ka2 
88. Qb6 Ka1 89. Qb2# 1-0

[Event "Wednesday Apr 11 Engine Tour 9 Rd Swiss 12m+1s Starts at 1600hrs ST"]
[Site "Infinity Chess"]
[Date "2018.4.11"]
[Round "5"]
[White "MCDermont"]
[Black "Nigi"]
[Result "1-0 "]
[ECO "C55"]
[WhiteElo "2486"]
[BlackElo "2397"]
[WhiteEngine "BrainFish 090218"]
[BlackEngine "stockfish_18040720_x64_bmi2"]
[EventType "Swiss"]
[WhiteTeam ""]
[BlackTeam ""]
[PlyCount "47"]
[TimeControl "720+1"]

1. e4 e5 2. Nf3 Nc6 3. Bc4 Nf6 4. d3 Bc5 5. c3 d6 6. O-O a5 7. Nbd2 O-O 
8. Re1 h6 9. Nf1 Be6 10. Bb5 Bb6 11. h3 Ne7 12. d4 exd4 13. Nxd4 Ng6 14. Ng3 c6 
15. Bd3 Re8 16. f4 Bd7 17. Bc2 a4 18. a3 Nh4 19. Kh2 Ng6 20. Qf3 Bc7 21. c4 b5 
22. cxb5 cxb5 23. Bd2 Bb6 24. Bc3 1-0